 Dungeon Crawl Stone Soup version 0.26-a0-1177-g1209ec82b9 (webtiles) character file.

Game seed: 17785017347662125766

7604 uibert the Destroyer (level 11, 0/63 (64) HPs)
             Began as a Kobold Conjurer on Dec 24, 2020.
             Was a Priest of Sif Muna.
             Splashed by a brown ugly thing's acid (10 damage)
             ... on level 9 of the Dungeon.
             The game lasted 00:39:58 (14628 turns).

uibert the Destroyer (Kobold Conjurer)             Turns: 14628, Time: 00:39:58

HP:   0/63 (64)     AC: 10    Str:  6    XL:     11   Next: 40%
MP:   5/20          EV: 19    Int: 21    God:    Sif Muna [***...]
Gold: 545           SH:  5    Dex: 14    Spells: 12/22 levels left

rFire    + . .     SeeInvis .   c - +0 dagger
rCold    + . .     Faith    .   (shield restricted)
rNeg     . . .     Spirit   .   D - +0 steam dragon scales
rPois    +         Reflect  +   E - +0 helmet
rElec    .         Harm     .   k - scarf {rC+ rF+}
rCorr    .         Rampage  .   b - +2 pair of gloves {archery}
Will     .....                  x - +0 pair of boots
Stlth    +++++.....             C - amulet of reflection
HPRegen  0.20/turn              z - ring of poison resistance
MPRegen  0.17/turn              (no ring)

@: lightly drained
A: small, nightstalker 3
a: Renounce Religion, Channel Magic, Forget Spell


You were on level 9 of the Dungeon.
You worshipped Sif Muna.
Sif Muna was most pleased with you.
You visited 2 branches of the dungeon, and saw 11 of its levels.

You collected 545 gold pieces.

Inventory:

Hand Weapons
 c - a +0 dagger (weapon)
 l - a +0 hunting sling
 Q - a cursed +1 vampiric falchion
Missiles
 d - 212 stones
 h - 129 arrows
 j - 12 bolts
 m - 30 poisoned darts
 t - 55 sling bullets
Armour
 a - a +0 robe
 b - a +2 pair of gloves of archery (worn)
 k - a scarf of resistance (worn)
 x - a +0 pair of boots (worn)
 D - +0 steam dragon scales (worn)
 E - a +0 helmet (worn)
 F - a +0 pair of boots
 L - a scarf of shadows
Jewellery
 z - a ring of poison resistance (left hand)
 C - an amulet of reflection (around neck)
Wands
 p - a wand of paralysis (13)
 y - a wand of polymorph (11)
 A - a wand of digging (5)
 H - a wand of iceblast (7)
 N - a wand of enslavement (4)
 P - a wand of disintegration (7)
Scrolls
 f - 4 scrolls of magic mapping
 g - 6 scrolls of remove curse
 i - 6 scrolls of teleportation
 v - a scroll of enchant weapon
 G - a scroll of fear
 M - a scroll of identify
 O - a scroll of vulnerability {unknown}
Potions
 e - 2 potions of haste {unknown}
 n - 2 potions of cancellation {unknown}
 o - 3 potions of invisibility {unknown}
 q - a potion of mutation {unknown}
 r - 2 potions of brilliance {unknown}
 s - a potion of ambrosia {unknown}
 u - 3 potions of heal wounds {unknown}
 w - 3 potions of lignification {unknown}
 B - a potion of berserk rage {unknown}
 I - a potion of curing {unknown}
 J - 2 potions of flight {unknown}
 K - a potion of attraction {unknown}


   Skills:
 + Level 6.3 Fighting
 + Level 7.2 Dodging
 + Level 8.6 Stealth
 + Level 6.0 Spellcasting
 * Level 10.7 Conjurations
 + Level 5.0 Invocations
 + Level 6.7 Evocations


You had 12 spell levels left.
You knew the following spells:

 Your Spells              Type           Power        Failure   Level
a - Magic Dart            Conj           100%         1%          1
b - Searing Ray           Conj           100%         1%          2
c - Iskenderun's Mystic   Conj/Tloc      28%          11%         4
d - Dazzling Flash        Conj/Hex       56%          3%          3

Your spell library contained the following spells:

 Spells                   Type           Power        Failure   Level
 Fulminant Prism          Conj/Hex       14%          11%         4
 Cause Fear               Hex            3%           67%         4
 Silence                  Hex/Air        3%           95%         5
 Yara's Violent Unravell  Hex/Tmut       3%           95%         5
 Discord                  Hex            3%           100%        8


Dungeon Overview and Level Annotations

Branches:
Dungeon (10/15)            Temple (1/1) D:6            Lair (0/6) D:8
    Orc (0/2) D:9

Altars:
Cheibriados
Dithmenos
Elyvilon
Fedhas
Gozag
Hepliaklqana
Kikubaaqudgha
Makhleb
Nemelex Xobeh
Okawaru
Qazlal
Ru
Sif Muna
Trog
Wu Jian
Xom
Zin
The Shining One
Beogh

Shops:
D:6 =

Annotations:
D:9 2 transporters
D:10 Harold


Innate Abilities, Weirdness & Mutations

You are small and have problems with some larger weapons.
You are completely attuned to the shadows.


Message History

Casting: Iskenderun's Mystic Blast (dangerous; 11% risk of failure)
Confirm with . or Enter, or press ? or * to list all spells.
You erupt in a blast of force!
The mystic blast hits the yak!
The yak is severely wounded.
The yak is knocked back by the mystic blast.
The mystic blast hits something.
You hear a bellow! x3
Casting: Iskenderun's Mystic Blast (dangerous; 11% risk of failure)
Confirm with . or Enter, or press ? or * to list all spells.
You don't have enough magic to cast that spell.
You block the brown ugly thing's attack.
You climb upwards.
Level annotation: 2 transporters Reactivating autopickup.
There is a stone staircase leading down here.
The brown ugly thing misses you. The brown ugly thing headbutts you.
* * * LOW HITPOINT WARNING * * *
You are splashed with acid!
You die...

# ###...............# #........
###..........>......# ##........
...######..........## ##.........
.### ##...........###..........
...## #.........................
....####................#........
.....##..##............###.......
.....#.####.....u......####......
......## #.....@........#.......
.....## #..........#.......##..
.....# #..........##.....#####
.....# #..........###....# #
.....# ###.........## #....####
.....####...........# #.......##
....................# ##........#
....................# #..........
...................## #..........


You could see a brown ugly thing.

Vanquished Creatures
  3 two-headed ogres
  Maggie (D:7)
  A komodo dragon (D:8)
  A hornet (D:10)
  Eustachio (D:6)
  A yak (D:8)
  5 water moccasins
  4 orc warriors
  2 ice beasts
  3 phantoms
  An eye of draining (D:9)
  A necrophage (D:8)
  A black bear (D:7)
  3 ogres
  3 sky beasts (D:6)
  3 centaurs
  A big kobold (D:9)
  6 bullfrogs
  6 killer bees (D:8)
  A scorpion (D:9)
  11 wights
  2 howler monkeys
  A centaur zombie (D:6)
  4 orc priests
  A bullfrog zombie (D:9)
  4 hounds
  2 jellies
  A bullfrog skeleton (D:4)
  7 orc wizards
  3 iguanas
  5 worker ants
  Terence (D:3)
  A hound skeleton (D:6)
  2 hound zombies (D:8)
  7 adders
  2 shadow imps
  2 white imps
  An ufetubus (D:5)
  A worm (D:9)
  A dart slug (D:3)
  5 leopard geckos
  24 orcs
  8 giant cockroaches
  8 goblins
  6 hobgoblins
  14 jackals
  9 kobolds
  5 quokkas
  12 bats
  5 frilled lizards
  A jackal skeleton (D:9)
  A quokka zombie (D:8)
  6 rats (D:2)
211 creatures vanquished.

Vanquished Creatures (others)
  51 fungi (D:8)
  49 plants (D:8)
100 creatures vanquished.

Grand Total: 311 creatures vanquished

Notes
Turn   | Place    | Note
-------+----------+-------------------------------------------
     0 | D:1      | uibert the Kobold Conjurer began the quest for the Orb.
     0 | D:1      | Reached XP level 1. HP: 10/10 MP: 3/3
  1129 | D:2      | Reached XP level 2. HP: 15/15 MP: 3/5
  1314 | D:2      | Learned a level 2 spell: Searing Ray
  1416 | D:2      | Reached XP level 3. HP: 17/19 MP: 1/6
  1515 | D:2      | Reached skill level 5 in Conjurations
  2270 | D:2      | Reached XP level 4. HP: 17/24 MP: 0/7
  2754 | D:3      | Noticed Terence
  3242 | D:3      | Reached skill level 6 in Conjurations
  3242 | D:3      | Reached XP level 5. HP: 20/28 MP: 3/8
  3443 | D:3      | Killed Terence
  4386 | D:4      | Reached XP level 6. HP: 32/32 MP: 5/9
  4440 | D:4      | Reached skill level 7 in Conjurations
  4648 | D:4      | Found a blossoming altar of Fedhas.
  5083 | D:5      | Entered Level 5 of the Dungeon
  5098 | D:5      | Reached skill level 1 in Evocations
  5479 | D:5      | Reached skill level 1 in Fighting
  5479 | D:5      | Reached XP level 7. HP: 38/38 MP: 5/10
  6492 | D:6      | Found a staircase to the Ecumenical Temple.
  6552 | Temple   | Entered the Ecumenical Temple
  6707 | Temple   | Became a worshipper of Sif Muna the Loreminder
  6755 | D:6      | Found Ifrimm's Jewellery Shop.
  6763 | D:6      | Reached XP level 8. HP: 44/44 MP: 7/12
  6763 | D:6      | Upgraded the game from 0.26-a0-1164-g1a551d6a14 to
                  | 0.26-a0-1177-g1209ec82b9
  6833 | D:6      | Noticed Eustachio
  6838 | D:6      | Killed Eustachio
  6928 | D:6      | Reached skill level 8 in Conjurations
  7016 | D:6      | Found a burning altar of Makhleb.
  7248 | D:6      | Reached skill level 5 in Stealth
  7248 | D:6      | Found a blossoming altar of Fedhas.
  7259 | D:6      | Learned a level 4 spell: Iskenderun's Mystic Blast
  7714 | D:7      | Reached XP level 9. HP: 37/51 MP: 5/14
  7836 | D:7      | Reached skill level 1 in Invocations
  7900 | D:7      | Noticed Maggie
  7908 | D:7      | Killed Maggie
  8443 | D:7      | Reached * piety under Sif Muna
  8540 | D:7      | Reached skill level 5 in Dodging
  8833 | D:7      | Reached skill level 9 in Conjurations
  9475 | D:8      | Noticed a two-headed ogre
  9742 | D:8      | Reached XP level 10. HP: 56/58 MP: 8/17
  9747 | D:8      | Reached skill level 5 in Evocations
 10045 | D:8      | Noticed a komodo dragon
 10143 | D:8      | Reached skill level 5 in Spellcasting
 10819 | D:8      | Found a staircase to the Lair.
 10833 | D:8      | Killed a komodo dragon
 10833 | D:8      | Reached ** piety under Sif Muna
 10834 | D:8      | Reached skill level 5 in Fighting
 11001 | D:8      | Killed a two-headed ogre
 11204 | D:9      | Noticed a two-headed ogre
 11527 | D:9      | Reached skill level 10 in Conjurations
 11740 | D:9      | Killed a two-headed ogre
 11922 | D:9      | Reached XP level 11. HP: 64/64 MP: 11/19
 12060 | D:9      | Found a staircase to the Orcish Mines.
 12070 | D:9      | Found a roughly hewn altar of Beogh.
 12686 | D:9      | Found a transporter.
 12689 | D:9      | Noticed a deep elf mage
 12697 | D:9      | Found a transporter.
 12706 | D:9      | Learned a level 3 spell: Dazzling Flash
 12857 | D:9      | Noticed a flayed ghost
 12858 | D:9      | Found a shadowy altar of Dithmenos.
 12979 | D:9      | Found a snail-covered altar of Cheibriados.
 13532 | D:10     | Entered Level 10 of the Dungeon
 13575 | D:10     | Noticed a two-headed ogre
 13580 | D:10     | Killed a two-headed ogre
 13580 | D:10     | Noticed Harold
 13747 | D:10     | Reached skill level 5 in Invocations
 14054 | D:10     | Reached *** piety under Sif Muna
 14603 | D:10     | Noticed a brown ugly thing
 14628 | D:9      | Splashed by a brown ugly thing's acid

Illustrated notes

Levels and vault maps discovered:
D:1:      kilobyte_arrival_exit_the_forest, layout_basic
D:2:      layout_basic, bh_walls_and_bars
D:3:      layout_basic, uniq_terence
D:4:      layout_rooms, fedhas_altar_2
D:5:      layout_basic
D:6:      layout_rooms, lightli_temple_of_fire, kennysheep_little_box,
          minmay_temple_entry_fiery, serial_shops, shop,
          kennysheep_generic_room_4, uniq_eustachio
D:7:      kennysheep_spiral_hall, layout_loops_ring,
          nicolae_overflow_hidden_temple, corexii_hall_statues_s, uniq_maggie
D:8:      layout_loops_ring, due_lair_maze_entry_diamond
D:9:      layout_layer_cave, slow_altar_2, gammafunk_temple_overflow_arena,
          minmay_orc_entry_temple_small
D:10:     layout_big_octagon, nzn_ghost_randoct, uniq_harold
Temple:   nicolae_temple_great_sept

Skill      XL: |  1  2  3  4  5  6  7  8  9 10 11 |
---------------+----------------------------------+-----
Conjurations   | 5 6 7 8 9 10 | 10.7
Stealth        | 3 4 5 6 8 |  8.6
Evocations     | 1 2 3 4 6 |  6.7
Fighting       | 1 2 3 4 5 6 |  6.3
Dodging        | 3 4 5 6 7 |  7.2
Spellcasting   | 3 4 5 6 |  6.0
Invocations    | 2 4 5 |  5.0

Action                   |  1- 3 |  4- 6 |  7- 9 | 10-12 || total
-------------------------+-------+-------+-------+-------++-------
Melee: Dagger            |    27 |    24 |       |    39 ||    90
 Fire: Hunting sling     |       |     1 |     7 |       ||     8
 Cast: Magic Dart        |    42 |    44 |       |     4 ||    90
       Searing Ray       |     5 |    28 |    59 |    78 ||   170
       Iskenderun's Myst |       |       |       |    10 ||    10
  Use: Scroll            |       |     8 |     2 |     1 ||    11
 Stab: Sleeping          |     2 |       |       |       ||     2
Armor: Robe              |     6 |    25 |     1 |       ||    32
       Steam dragon scal |       |       |     2 |    19 ||    21
Dodge: Dodged            |    19 |    52 |    26 |    68 ||   165
Block: Other             |       |       |     8 |    15 ||    23
       Reflection        |       |       |     1 |       ||     1

Table legend: (Time is in decaauts)
 A = Elapsed time spent in this place.
 B = Non-inter-level travel time spent in this place.
 C = Inter-level travel time spent in this place.
 D = Time resting spent in this place.
 E = Time spent auto-exploring this place.
 F = Levels seen in this place.
 G = Mean time per level.
                   A        B        C        D        E       F      G
               +--------+--------+--------+--------+--------+-----+--------+
         Total |  14639 |  13238 |   1401 |   4024 |   7135 |  11 | 1330.8 |
       Dungeon |  14474 |  13106 |   1368 |   4024 |   7006 |  10 | 1447.4 |
        Temple |    165 |    132 |     33 |      0 |    129 |   1 |  165.0 |
               +--------+--------+--------+--------+--------+-----+--------+

Top non-repeatable levels by time:
     D:9: 2633 daAuts
     D:8: 2241 daAuts
     D:2: 1785 daAuts
     D:7: 1595 daAuts
     D:3: 1431 daAuts
     D:6: 1278 daAuts
     D:1: 1127 daAuts
     D:5: 1093 daAuts
     D:4: 811 daAuts
    D:10: 476 daAuts
  Temple: 165 daAuts
